 Dungeon Crawl Stone Soup version 0.27.1-33-g824d729ab1 (webtiles) character file.

Game seed: 2459517358121629443

13 NotreDorf the Sneak (level 2, -2/24 HPs)
             Began as a Merfolk Delver on Dec 27, 2021.
             Killed by nerve-wracking pain
             ... invoked by an orc priest
              (3 damage)
             ... on level 2 of the Dungeon.
             The game lasted 00:03:22 (709 turns).

NotreDorf the Sneak (Merfolk Delver)                 Turns: 709, Time: 00:03:23

Health: -2/24      AC:  3    Str: 12    XL:     2   Next: 37%
Magic:  2/2        EV: 12    Int:  9    God:
Gold:   102        SH:  0    Dex: 15    Spells: 1/1 levels left

rFire    . . .     SeeInvis .   a - +0 spear
rCold    . . .     Faith    .   (no shield)
rNeg     . . .     Spirit   .   b - +0 leather armour
rPois    .         Reflect  .   (no helmet)
rElec    .         Harm     .   (no cloak)
rCorr    .         Rampage  .   (no gloves)
Will     .....                  (no boots)
Stlth    +++.......             (no amulet)
HPRegen  0.08/turn              (no ring)
MPRegen  0.08/turn              (no ring)

@: no status effects
A: (nimble swimmer 2), mertail
a: no special abilities


You were on level 2 of the Dungeon.
You visited 1 branch of the dungeon, and saw 4 of its levels.

You collected 102 gold pieces.

Inventory:

Hand Weapons
 a - a +0 spear (weapon)
Armour
 b - a +0 leather armour (worn)
Wands
 g - a wand of digging (3)
Scrolls
 c - a scroll of fog
 d - 3 scrolls of magic mapping
 k - a scroll of summoning {unknown}
Potions
 f - a potion of haste
 h - a potion of might {unknown}
 i - a potion of attraction {unknown}
 j - a potion of ambrosia {unknown}


   Skills:
 + Level 3.5 Fighting
 + Level 3.4 Polearms
 + Level 3.0 Dodging
 + Level 5.6 Stealth


You had one spell level left.
You didn't know any spells.
Your spell library was empty.

Dungeon Overview and Level Annotations

Branches:
Dungeon (5/15)
 Temple: D:4-7

Altars:

Portals:
Ossuary: D:5


Innate Abilities, Weirdness & Mutations

((You are quick and stealthy near water. (Stealth+, EV+, Speed+++)))
Your lower body shifts to a powerful aquatic tail in water.


Message History

You hit the orc.
The orc is lightly wounded.
You hit the orc.
You kill the orc!
An orc comes into view. It is wielding a +0 trident.
Things that are here:
a +0 club; an orc corpse An orc priest comes into view.
It is wielding a +0 flail.
An orc comes into view. It is wielding a +0 hand axe.
You reach to attack!
The orc priest shouts!
You hit the orc.
The orc is heavily wounded.
The orc priest mumbles some strange prayers to Beogh against you.
Beogh smites you!
Ouch! That really hurt!
You hear a shout!
The orc priest miscasts a cantrip.
An orc comes into view. It is wielding a +1 vampiric trident.
The orc shouts!
You are too injured to fight recklessly!
You are too injured to fight recklessly!
Okay, then.
You hit the orc but do no damage.
The orc is moderately wounded.
The orc hits you with a +0 hand axe.
* * * LOW HITPOINT WARNING * * *
As you read the scroll of fear, it crumbles to dust.
You assume a fearsome visage.
The orc looks frightened! x2
Reach: a) +0 spear
Press: ? - help, Dir - move target, f - orc priest, p - orc
Aim: an orc priest, wielding a +0 flail and wearing a +0 scale mail (about 34% to evade your +0 spear)
You reach to attack!
You barely miss the orc priest.
You hit the orc priest but do no damage.
The orc priest hits you with a +0 flail.
* * * LOW HITPOINT WARNING * * *
You hit the orc priest but do no damage.
The orc priest invokes the aid of Beogh against you.
Pain shoots through your body!
You die...

# #.# #.......# # #.#
#......)#####
#...........###+#####
#..........o.........
.#####..#'#.##o#)######
...........#.##.#.############
..####.......##.#............#
#.......##o#............#
#.##.......@o.#............#
#.............#............#
#.#####.>.....o............# .
####.................#
#####....(............#
#.....................#
#.###.................#
#........##...........#
#......####...........#


You could see an orc priest and 2 orcs.

Vanquished Creatures
  A worm (D:2)
  An orc (D:2)
  2 endoplasms (D:2)
  2 goblins (D:2)
  A ball python (D:2)
  A kobold (D:2)
  A rat (D:2)
9 creatures vanquished.

Notes
Turn   | Place    | Note
-------+----------+-------------------------------------------
     0 | D:5      | NotreDorf the Merfolk Delver began the quest for the Orb.
     0 | D:5      | Reached XP level 1. HP: 18/18 MP: 1/1
     7 | D:5      | Found a sand-covered staircase.
   428 | D:2      | Reached XP level 2. HP: 10/24 MP: 2/2
   708 | D:2      | HP: 1/24 [orc priest (6)]
   709 | D:2      | Killed from afar by an orc priest

Illustrated notes

Levels and vault maps discovered:
D:2:      layout_basic
D:3:      layout_basic, serial_shops, shop, lightli_sewer_entry_pipes,
          hex_large, uniq_sigmund
D:4:      layout_loops_ring, mainiacjoe_overflow_six_doors_small
D:5:      layout_loops_ring, nicolae_ru_path_of_blood,
          gammafunk_temple_overflow_pools, nicolae_ossuary_entry_ruins

Skill      XL: |  1 |
---------------+----+-----
Dodging        | 3 |  3.0
Fighting       | |  3.5
Polearms       | |  3.4
Stealth        | |  5.6

Action                   || total
-------------------------++-------
Melee: Spear             ||    32
  Use: Scroll            ||     1
 Stab: Sleeping          ||     2
       Distracted        ||     1
Armor: Leather armour    ||     3
Dodge: Dodged            ||     3
